 Dungeon Crawl Stone Soup version 0.25.1-1-g288607f5aa (webtiles) character file.

Game seed: 10848879656971998045

177288 DildoBatman the Earth Mage (level 18, -3/151 HPs)
             Began as a Formicid Wizard on July 26, 2020.
             Was an Initiate of Gozag.
             Killed from afar by a shock serpent (16 damage)
             ... with a bolt of electricity
             ... on level 4 of the Snake Pit.
             The game lasted 02:20:02 (32039 turns).

DildoBatman the Earth Mage (Formicid Wizard)       Turns: 32039, Time: 02:20:02

Health: -3/151     AC: 19    Str: 16    XL:     18   Next: 83%
Magic:  29/36      EV: 16    Int: 37    God:    Gozag
Gold:   6673       SH: 13    Dex: 14    Spells: 24/45 levels left

rFire    . . .     SeeInvis +   a - +10 war axe of the Foremost Heavens {elec, *Slow rPois MR+}
rCold    + . .     Gourm    .   Q - +2 kite shield
rNeg     . . .     Faith    .   o - +4 troll leather armour
rPois    +         Spirit   .   (helmet unavailable)
rElec    .         Reflect  .   c - +1 cloak {rC+}
rCorr    .         Harm     .   h - +0 pair of gloves
MR       ++...     Clarity  +   q - +0 pair of boots "Kobuopt" {Str+3 Dex+5}
Stlth    ++........             m - amulet of magic regeneration
HPRegen  0.75/turn              T - +6 ring of intelligence
MPRegen  0.50/turn              n - +6 ring of intelligence

@: gold aura
A: permanent stasis, dig shafts and tunnels, four strong arms, antennae 3,
rugged brown scales 1, thin metallic scales 2, clarity, robust 1
a: Dig, Shaft Self, Potion Petition, Call Merchant, Bribe Branch, Renounce
Religion


You were on level 4 of the Snake Pit.
You worshipped Gozag.
Gozag was greatly pleased with you.
You were very full.

You visited 5 branches of the dungeon, and saw 28 of its levels.
You also visited: Sewer, Gauntlet and Ice Cave.

You collected 9624 gold pieces.
You spent 2469 gold pieces at shops.
You paid 482 gold pieces to Gozag.

Inventory:

Hand Weapons
 a - the +10 war axe of the Foremost Heavens (weapon) {elec, *Slow rPois MR+}
   (You found it on level 10 of the Dungeon)

   Occasionally, upon striking a foe, it will discharge some electrical energy
   and cause terrible harm.
   It protects you from poison.
   It affects your resistance to hostile enchantments.
   It may slow you when you take damage.
 b - the +8 hand crossbow "Vabbuah" {speed, rElec rN+ MP+9 SInv}
   (You found it in a Gauntlet)

   Attacks with this weapon are significantly faster.
   It insulates you from electricity.
   It protects you from negative energy.
   It affects your magic capacity (+9).
   It lets you see invisible.
 d - a +4 scimitar of flaming
 e - a +0 halberd of flaming
 f - the +7 short sword of Toothy Gallantry {speed, rN+ Int+3 Dex+6}
   (You bought it in a shop on level 2 of the Orcish Mines)

   Attacks with this weapon are significantly faster.
   It affects your intelligence (+3).
   It affects your dexterity (+6).
   It protects you from negative energy.
 I - the +0 great mace "Tetikima" {flame, +Inv Int+4}
   (You took it off an orc warrior on level 8 of the Dungeon)

   It has been specially enchanted to burn those struck by it, causing extra
   injury to most foes and up to half again as much damage against particularly
   susceptible opponents.
   It affects your intelligence (+4).
   It lets you turn invisible.
Missiles
 i - 873 arrows
 t - 401 bolts
 D - 6 javelins (quivered)
 F - 3 throwing nets
 O - 3 silver javelins
 X - 241 sling bullets
Armour
 c - a +1 cloak of cold resistance (worn)
 h - a +0 pair of gloves (worn)
 o - a +4 troll leather armour (worn)
 q - the +0 pair of boots "Kobuopt" (worn) {Str+3 Dex+5}
   (You found it in a Gauntlet)

   It affects your strength (+3).
   It affects your dexterity (+5).
 Q - a +2 kite shield (worn)
 V - a +0 pair of boots of flying
Jewellery
 g - an uncursed amulet of the acrobat
 m - an amulet of magic regeneration (around neck)
 n - a +6 ring of intelligence (right hand)
 T - a +6 ring of intelligence (left hand)
 W - an uncursed ring of resist corrosion
Wands
 s - a wand of disintegration (9)
 A - a wand of iceblast (8)
 G - a wand of clouds (2)
 M - a wand of acid (36)
Scrolls
 p - 4 scrolls of enchant weapon
 r - 4 scrolls of immolation
 w - a scroll of magic mapping
 x - 11 scrolls of remove curse
 z - 6 scrolls of identify
 C - a scroll of amnesia
 E - 2 scrolls of fear
 K - 3 scrolls of summoning
 N - 2 scrolls of fog
 Y - a scroll of holy word
Potions
 j - 3 potions of resistance
 k - 5 potions of cancellation
 u - a potion of mutation
 y - 4 potions of ambrosia
 B - 2 potions of magic {unknown}
 H - 9 potions of heal wounds
 J - 12 potions of curing
 R - 6 potions of might
Miscellaneous
 l - a lightning rod (4/4)
 U - a box of beasts
Comestibles
 v - 22 rations


   Skills:
 - Level 10.0 Fighting
 - Level 6.0 Crossbows
 - Level 10.0 Armour
 - Level 8.0 Dodging
 - Level 2.4 Stealth
 - Level 9.0 Shields
 - Level 14.0 Spellcasting
 - Level 6.0 Conjurations
   Level 1.0 Summonings
 * Level 15.3 Necromancy
   Level 0.8 Translocations
 - Level 5.0 Fire Magic
 - Level 5.0 Air Magic
 * Level 16.4 Earth Magic


You had 24 spell levels left.
You knew the following spells:

 Your Spells              Type           Power        Failure   Level  Hunger
a - Conjure Flame         Conj/Fire      ######..     1%          3    None
b - Borgnjor's Vile Clut  Necr/Erth      #######...   1%          5    None
c - Magic Dart            Conj           ####         1%          1    None
d - Vampiric Draining     Necr           #######...   0%          3    None
e - Mephitic Cloud        Conj/Pois/Air  ######..     1%          3    None
h - Dispel Undead         Necr           #######.     1%          4    None
z - Sublimation of Blood  Necr           #######...   0%          2    None

Your spell library contained the following spells:

 Spells                   Type           Power        Failure   Level  Hunger
 Animate Skeleton         Necr           N/A          0%          1    None
 Pain                     Necr           ####         0%          1    None
 Sandblast                Erth           ######       0%          1    None
 Call Imp                 Summ           ####....     1%          2    None
 Corpse Rot               Necr/Air       N/A          1%          2    None
 Passwall                 Tmut/Erth      ######..     1%          2    None
 Stone Arrow              Conj/Erth      ######       1%          3    None
 Animate Dead             Necr           N/A          1%          4    None
 Leda's Liquefaction      Hex/Erth       ######....   1%          4    None
 Petrify                  Tmut/Erth      ######..     1%          4    None
 Agony                    Necr           #######.     1%          5    None
 Excruciating Wounds      Chrm/Necr      ######....   1%          5    None
 Lee's Rapid Deconstruct  Erth           #######...   1%          5    None
 Death Channel            Necr           #######...   1%          6    ##.....
 Slow                     Hex            ####....     2%          2    None
 Ignite Poison            Fire/Tmut/Pois #####...     2%          3    None
 Tukima's Dance           Hex            ####....     4%          3    None
 Irradiate                Conj/Tmut      #####.....   13%         5    None
 Cause Fear               Hex            ####......   16%         4    None
 Borgnjor's Revivificati  Necr           #######...   21%         8    ######.
 Infestation              Necr           #######...   21%         8    ######.
 Alistair's Intoxication  Tmut/Pois      ####....     41%         5    None
 Haunt                    Necr/Summ      ######....   45%         7    ####...
 Eringya's Noxious Bog    Tmut/Pois      ####......   94%         6    ##.....
 Death's Door             Chrm/Necr      ######....   99%         8    ######.
 Necromutation            Tmut/Necr      ######....   99%         8    ######.
 Discord                  Hex            ####......   100%        8    ######.
 Blink                    Tloc           Unusable     N/A         2    N/A

Dungeon Overview and Level Annotations

Branches:
Dungeon (15/15)            Temple (1/1) D:4            Lair (6/6) D:9
  Swamp (0/4) Lair:3        Snake (4/4) Lair:4        Slime (0/5) Lair:6
    Orc (2/2) D:9             Elf (0/3) Orc:2        Vaults (0/5) D:13
 Depths (0/5) D:15          Sewer (visited)           IceCv (visited)
Gauntlet (visited)

Altars:
Ashenzari
Cheibriados
Dithmenos
Elyvilon
Fedhas
Gozag
Hepliaklqana
Kikubaaqudgha
Makhleb
Nemelex Xobeh
Okawaru
Qazlal
Ru
Sif Muna
Trog
Uskayaw
Vehumet
Wu Jian
Xom
Yredelemnul
Zin
The Shining One
Beogh
Jiyva

Shops:
Orc:2 (*(![   Snake:2 *(!:   Snake:3 %}?%

Annotations:
Abyss:1 Psyche


Innate Abilities, Weirdness & Mutations

You cannot be hasted, slowed, berserked, paralysed or teleported.
You can dig through walls and to a lower floor.
Your four strong arms can wield two-handed weapons with a shield.
You have a pair of large antennae on your head. (SInv)
You are partially covered in rugged brown scales. (AC +1, +3% HP)
You are mostly covered in thin metallic scales. (AC +3)
You possess an exceptional clarity of mind.
You are robust. (+10% HP)


Message History

The bolt of electricity hits the shock serpent.
The shock serpent completely resists.
You hit the shock serpent.
The shock serpent is moderately wounded.
The zombie hands constrict the shock serpent!!
The shock serpent's electric aura discharges violently, shocking you!
The shock serpent shoots out a bolt of lightning at you!
The bolt of electricity hits you!! The bolt of electricity misses you.
The bolt of electricity hits the shock serpent.
The shock serpent completely resists.
The shock serpent shoots out a bolt of lightning at you!
The bolt of electricity hits you! x2
The bolt of electricity hits the shock serpent.
The shock serpent completely resists.
The shock serpent shoots out a bolt of lightning at you!
The bolt of electricity hits you!! The bolt of electricity hits you!
You die...
Your body crumbles into a pile of gold.

##.......#.#...#
#..............##..
#.....<#...........
......###...........
..... #.......#....
.... #..[.#..# ..#
... ###$.....#... #
.#####.....###.....
#......@.# .....
.......#$S..#....#
............# (..
#.#.#...#.....
#...#... #...## ..
#... ...# .... ...#
..... #.##


You could see a shock serpent (clutched).

Vanquished Creatures
  Jorgrun (D:12)
  2 nagarajas (Snake:1)
  A frost giant (IceCv)
  A minotaur (Gauntlet)
  A blizzard demon (Gauntlet)
  2 fire dragons (D:15)
  Josephine (Orc:2)
  A great orb of eyes (Gauntlet)
  8 vault guards (D:13)
  Harold (D:9)
  Fannar (D:12)
  3 catoblepae (Lair:5)
  8 naga warriors
  11 hydras
  4 centaur warriors
  A merfolk avatar (Lair:6)
  2 death knights
  14 anacondas
  3 two-headed ogres
  6 orc high priests
  The ghost of Gaacleh the Spear-Bearer, a novice DsFi of Uskayaw (D:10)
  3 shock serpents (Snake:2)
  Urug (D:10)
  6 naga sharpshooters
  Sonja (Lair:6)
  A salamander mystic (Snake:2)
  2 skeletal warriors
  The ghost of wojtek the Soothsayer, a novice DsGl of Nemelex Xobeh (D:8)
  3 unseen horrors
  8 sea snakes
  The ghost of Veteran the Covered, a novice DDFi of Makhleb (D:6)
  7 naga ritualists
  14 orc knights
  A harpy (Lair:6)
  14 mana vipers
  A wolf spider zombie (D:15)
  2 deep elf magi (D:15)
  A cyclops (Orc:1)
  An orc sorcerer (Orc:1)
  19 ugly things
  10 salamanders
  7 manticores
  Maurice (D:12)
  2 guardian serpents
  2 ice statues (IceCv)
  16 elephants
  39 black mambas
  10 naga magi
  2 gargoyles
  2 centaur skeletons (D:15)
  A kobold demonologist (D:12)
  7 spiny frogs
  7 rime drakes
  5 yaktaurs (D:15)
  A freezing wraith (D:15)
  3 efreet
  10 komodo dragons
  7 trolls
  15 polar bears
  4 hydra skeletons
  Prince Ribbit (D:7)
  9 hippogriffs
  2 hornets (Lair:6)
  6 dream sheep (Lair:5)
  A meliai zombie (D:13)
  13 slime creatures
  A vampire (D:11)
  10 wraiths
  3 wyverns
  A shadow (D:14)
  61 yaks
  2 black mamba skeletons
  3 basilisks
  2 hungry ghosts
  6 vampire mosquitoes
  2 steam dragons
  30 wargs
  28 nagas
  Edmund (D:5)
  2 acid dragons
  25 water moccasins
  12 porcupines
  38 orc warriors
  5 spiny frog skeletons
  An eye of draining (D:9)
  4 ice beasts
  3 black bears
  5 phantoms
  Purgy (Sewer)
  A sky beast (D:13)
  8 ogres
  2 necrophages
  2 blink frog skeletons
  13 wolves
  16 centaurs
  An elephant skeleton (Lair:5)
  3 orc skeletons (Orc:2)
  9 big kobolds
  11 crocodiles
  12 bullfrogs
  2 komodo dragon skeletons
  A hippogriff zombie (Lair:1)
  A hippogriff skeleton (Lair:4)
  A wyvern skeleton (D:8)
  5 scorpions
  2 water moccasin skeletons
  7 killer bees
  7 wights
  2 yak skeletons
  2 howler monkeys
  4 electric eels
  7 crimson imps
  2 bullfrog zombies
  5 centaur zombies
  7 hounds
  A quasit (D:9)
  5 jellies
  30 orc priests
  13 orc wizards
  4 bullfrog skeletons
  Ijyb (D:4)
  2 porcupine zombies
  2 iguanas
  3 hell rats (Lair:1)
  8 worker ants
  Terence (D:2)
  A porcupine skeleton (Lair:1)
  A killer bee zombie (D:8)
  A crocodile zombie (Lair:1)
  2 ogre zombies (Orc:2)
  A hound zombie (D:10)
  3 crocodile skeletons
  3 hound skeletons
  A worker ant zombie (D:9)
  4 gnolls (D:7)
  3 orc zombies (Orc:2)
  18 adders
  6 river rats (Lair:1)
  5 shadow imps
  3 oozes
  An adder zombie (D:5)
  5 worms
  2 dart slugs (D:2)
  6 leopard geckos
  102 orcs
  9 giant cockroaches
  15 goblins
  9 hobgoblins
  3 jackals (D:2)
  6 quokkas
  4 ball pythons
  10 bats
  2 frilled lizards
  30 kobolds
  A quokka zombie (D:5)
  7 rats
  2 bushes (Lair:3)
  5 fungi
  7 plants
1070 creatures vanquished.

Vanquished Creatures (collateral kills)
  An adder (D:4)
1 creature vanquished.

Vanquished Creatures (others)
  2 dancing weapons (D:8)
  An eye of draining (D:15)
  8 fungi
  18 plants
29 creatures vanquished.

Grand Total: 1100 creatures vanquished

Notes
Turn   | Place    | Note
-------+----------+-------------------------------------------
     0 | D:1      | DildoBatman the Formicid Wizard began the quest for the
                  | Orb.
     0 | D:1      | Reached XP level 1. HP: 13/13 MP: 4/4
    16 | D:1      | Reached skill level 1 in Conjurations
   382 | D:1      | Reached XP level 2. HP: 16/19 MP: 1/6
   808 | D:1      | Reached XP level 3. HP: 20/24 MP: 5/7
   813 | D:1      | Learned a level 3 spell: Conjure Flame
   817 | D:1      | Learned a level 3 spell: Mephitic Cloud
  1394 | D:2      | Reached XP level 4. HP: 30/30 MP: 0/8
  1749 | D:2      | Noticed Terence
  1869 | D:2      | Found a faded altar of an unknown god.
  2194 | D:2      | Reached skill level 1 in Shields
  2515 | D:3      | Reached XP level 5. HP: 35/35 MP: 5/9
  2858 | D:3      | You fall into a shaft and drop 2 floors!
  2858 | D:5      | Entered Level 5 of the Dungeon
  3108 | D:5      | Reached skill level 1 in Fire Magic
  3108 | D:5      | Reached skill level 1 in Air Magic
  3108 | D:5      | Reached XP level 6. HP: 34/41 MP: 4/10
  3896 | D:5      | Noticed Edmund
  3988 | D:5      | Noticed an ice beast
  4247 | D:4      | Noticed Ijyb
  4368 | D:4      | Reached XP level 7. HP: 42/46 MP: 6/11
  4398 | D:4      | Found a staircase to the Ecumenical Temple.
  4408 | Temple   | Entered the Ecumenical Temple
  4413 | Temple   | Became a worshipper of Kikubaaqudgha
  4421 | D:4      | Found a glowing drain.
  4489 | Sewer    | Entered a sewer
  4646 | Sewer    | Noticed Purgy
  4748 | Sewer    | Killed Purgy
  5002 | D:4      | Reached skill level 5 in Conjurations
  5392 | D:4      | Killed Ijyb
  5442 | D:4      | Reached XP level 8. HP: 50/52 MP: 5/12
  5537 | D:3      | Reached * piety under Kikubaaqudgha
  5537 | D:3      | Identified Kikubaaqudgha's Disquisition on Darkness
                  | (Kikubaaqudgha gifted it to you on level 3 of the Dungeon)
  5537 | D:3      | Received a gift from Kikubaaqudgha
  5999 | D:2      | Killed Terence
  6146 | D:5      | Killed Edmund
  6650 | D:6      | Found a runed translucent gate.
  6651 | D:6      | Found a runed translucent gate.
  6663 | D:6      | Found a runed translucent gate.
  6663 | D:6      | Noticed Veteran's ghost (novice DDFi)
  6976 | D:6      | Reached skill level 5 in Fire Magic
  7044 | D:6      | Reached XP level 9. HP: 10/57 MP: 4/13
  7431 | D:6      | Reached skill level 5 in Air Magic
  7488 | D:6      | Reached skill level 1 in Fighting
  7488 | D:6      | Reached skill level 1 in Armour
  7550 | D:6      | Reached skill level 1 in Necromancy
  7963 | D:7      | Noticed Prince Ribbit
  7995 | D:7      | Killed Prince Ribbit
  8701 | D:8      | Reached ** piety under Kikubaaqudgha
  8836 | D:8      | Noticed a +0 hand axe
  8836 | D:8      | Noticed a +0 dagger
  8840 | D:8      | Found a hide-covered altar of Uskayaw.
  8873 | D:8      | Noticed Psyche
  8875 | D:8      | Reached XP level 10. HP: 50/71 MP: 8/14
  8887 | D:8      | Banished Psyche
  9296 | D:8      | Noticed a two-headed ogre
  9330 | D:8      | Killed a two-headed ogre
  9330 | D:8      | Reached skill level 5 in Fighting
  9330 | D:8      | Reached skill level 5 in Armour
  9649 | D:8      | Noticed wojtek's ghost (novice DsGl)
  9650 | D:8      | Found a runed translucent gate.
  9650 | D:8      | Found a runed translucent gate.
  9650 | D:8      | Found a runed translucent gate.
  9652 | D:8      | Found a roughly hewn altar of Beogh.
  9654 | D:8      | Identified the +0 great mace "Tetikima" {flame, +Inv Int+4}
  9654 | D:8      | Identified the +5 plate armour of a bailey {*Drain +Blink
                  | Slay+3 Stlth+}
  9722 | D:8      | Noticed an unseen horror
  9741 | D:8      | Killed an unseen horror
  9741 | D:8      | Reached skill level 5 in Dodging
  9809 | D:8      | Reached skill level 5 in Necromancy
 10141 | D:9      | Noticed a two-headed ogre
 10179 | D:9      | Found a staircase to the Lair.
 10333 | D:9      | Learned a level 3 spell: Vampiric Draining
 10491 | D:9      | Found a staircase to the Orcish Mines.
 10537 | D:9      | Reached XP level 11. HP: 67/81 MP: 9/15
 10560 | D:9      | Reached *** piety under Kikubaaqudgha
 10560 | D:9      | Identified Kikubaaqudgha's Reference Book on Black Arts
                  | (Kikubaaqudgha gifted it to you on level 9 of the Dungeon)
 10560 | D:9      | Received a gift from Kikubaaqudgha
 10567 | D:9      | Learned a level 4 spell: Dispel Undead
 10643 | D:9      | Noticed a two-headed ogre
 10659 | D:9      | Killed a two-headed ogre
 10830 | D:9      | Killed a two-headed ogre
 10830 | D:9      | Reached skill level 5 in Spellcasting
 11045 | D:6      | Killed Veteran's ghost
 11093 | D:7      | Noticed a manticore
 11096 | D:7      | You fall into a shaft and drop 2 floors!
 11329 | D:7      | Killed a manticore
 11417 | D:7      | Got an ichor-stained plate armour
 11428 | D:7      | Identified the +5 plate armour of the Red Skies {Regen+
                  | Str-5 Dex+4} (You found it on level 7 of the Dungeon)
 11453 | D:7      | Identified the Incunabulum of Heat and Evil
 11691 | D:8      | Killed wojtek's ghost
 11812 | D:8      | Learned a level 5 spell: Borgnjor's Vile Clutch
 11868 | D:10     | Entered Level 10 of the Dungeon
 11924 | D:9      | Reached skill level 1 in Earth Magic
 11936 | D:10     | Noticed Urug
 12027 | D:9      | Noticed Harold
 12066 | D:8      | Reached skill level 2 in Earth Magic
 12183 | D:9      | Killed Harold
 12183 | D:9      | Reached skill level 3 in Earth Magic
 12328 | D:9      | Gained mutation: You are frail. (-10% HP) [potion of
                  | mutation]
 12328 | D:9      | Gained mutation: You are clumsy. (Dex -2) [potion of
                  | mutation]
 12328 | D:9      | Gained mutation: Your system is resistant to poisons.
                  | (rPois) [potion of mutation]
 12329 | D:9      | Lost mutation: You are clumsy. (Dex -2) [potion of
                  | mutation]
 12329 | D:9      | Lost mutation: You are frail. (-10% HP) [potion of
                  | mutation]
 12329 | D:9      | Gained mutation: Your spells are a little easier to cast,
                  | but a little less powerful. [potion of mutation]
 12329 | D:9      | Gained mutation: You are robust. (+10% HP) [potion of
                  | mutation]
 12341 | D:10     | Reached XP level 12. HP: 72/96 MP: 19/21
 12421 | D:10     | Reached skill level 4 in Earth Magic
 12539 | D:10     | Killed Urug
 12539 | D:10     | Reached skill level 5 in Earth Magic
 12608 | D:10     | Reached **** piety under Kikubaaqudgha
 12633 | D:10     | Reached skill level 6 in Earth Magic
 12897 | D:10     | Found a runed translucent door.
 12897 | D:10     | Noticed Gaacleh's ghost (novice DsFi)
 12927 | D:10     | Killed Gaacleh's ghost
 12927 | D:10     | Reached skill level 7 in Earth Magic
 13014 | D:10     | Got a shimmering war axe
 13041 | D:10     | Identified the +10 war axe of the Foremost Heavens {elec,
                  | *Slow rPois MR+} (You found it on level 10 of the Dungeon)
 13185 | D:10     | Reached skill level 8 in Earth Magic
 13385 | D:10     | Reached skill level 9 in Earth Magic
 13816 | D:10     | Reached ***** piety under Kikubaaqudgha
 14481 | Orc:1    | Entered Level 1 of the Orcish Mines
 14484 | Orc:1    | Noticed an orc high priest
 14628 | Orc:1    | Noticed a sixfirhy
 14630 | Orc:1    | Killed an orc high priest
 14641 | Orc:1    | Reached XP level 13. HP: 69/105 MP: 9/23
 15284 | Orc:2    | Entered Level 2 of the Orcish Mines
 15363 | Orc:2    | Found a staircase to the Elven Halls.
 15525 | Orc:2    | Noticed Josephine
 15593 | Orc:2    | Learned a level 2 spell: Sublimation of Blood
 15637 | Orc:2    | Killed Josephine
 15762 | Orc:2    | Reached ****** piety under Kikubaaqudgha
 15854 | D:9      | Received a gift from Kikubaaqudgha
 15856 | D:9      | Fell from the grace of Kikubaaqudgha
 16338 | Temple   | Became a worshipper of Gozag Ym Sagoz the Greedy
 16621 | Orc:2    | Found Ripocsuhofo's Weapon Shoppe.
 17457 | Orc:2    | Reached skill level 5 in Shields
 17482 | Orc:2    | Reached XP level 14. HP: 107/119 MP: 5/24
 17613 | Orc:2    | Found Emnohede's Weapon Shop.
 17616 | Orc:2    | Found Ufappeof's Distillery.
 17617 | Orc:2    | Found Ucuah's Assorted Antiques.
 17618 | Orc:2    | Found Tenlacing's Armour Shop.
 17621 | Orc:2    | Bought a potion of heal wounds for 100 gold pieces
 17621 | Orc:2    | Bought a scroll labeled POQIKE HAUDO for 20 gold pieces
 17621 | Orc:2    | Bought a pitted short sword for 160 gold pieces
 17622 | Orc:2    | Bought a potion of stabbing for 48 gold pieces
 17622 | Orc:2    | Bought a potion of cancellation for 96 gold pieces
 17622 | Orc:2    | Bought a potion of might for 48 gold pieces
 17622 | Orc:2    | Bought a potion of mutation for 96 gold pieces
 17622 | Orc:2    | Bought a potion of mutation for 96 gold pieces
 17622 | Orc:2    | Bought a potion of heal wounds for 60 gold pieces
 17622 | Orc:2    | Bought a potion of heal wounds for 60 gold pieces
 17622 | Orc:2    | Bought a potion of curing for 36 gold pieces
 17624 | Orc:2    | Bought a +0 pair of boots of flying for 126 gold pieces
 17625 | Orc:2    | Identified the +7 short sword of Toothy Gallantry {speed,
                  | rN+ Int+3 Dex+6} (You bought it in a shop on level 2 of the
                  | Orcish Mines)
 17634 | Orc:2    | Lost mutation: Your spells are a little easier to cast, but
                  | a little less powerful. [potion of mutation]
 17634 | Orc:2    | Lost mutation: You are robust. (+10% HP) [potion of
                  | mutation]
 17634 | Orc:2    | Lost mutation: Your system is resistant to poisons. (rPois)
                  | [potion of mutation]
 17634 | Orc:2    | Gained mutation: You are weak. (Str -2) [potion of
                  | mutation]
 17634 | Orc:2    | Gained mutation: Armour fits poorly on your strangely
                  | shaped body. [potion of mutation]
 17634 | Orc:2    | Gained mutation: You are partially covered in thin metallic
                  | scales. (AC +2) [potion of mutation]
 17635 | Orc:2    | Lost mutation: You are weak. (Str -2) [potion of mutation]
 17635 | Orc:2    | Lost mutation: Armour fits poorly on your strangely shaped
                  | body. [potion of mutation]
 17635 | Orc:2    | Gained mutation: You are mostly covered in thin metallic
                  | scales. (AC +3) [potion of mutation]
 17635 | Orc:2    | Gained mutation: You are partially covered in rugged brown
                  | scales. (AC +1, +3% HP) [potion of mutation]
 17635 | Orc:2    | Gained mutation: You are robust. (+10% HP) [potion of
                  | mutation]
 17635 | Orc:2    | Gained mutation: You possess an exceptional clarity of
                  | mind. [potion of mutation]
 17764 | Lair:1   | Entered Level 1 of the Lair of Beasts
 18036 | Lair:1   | Reached skill level 10 in Armour
 18042 | Lair:1   | Reached skill level 10 in Fighting
 18547 | Lair:2   | Found a shimmering altar of Xom.
 18773 | Lair:2   | Got a dull robe
 18927 | Lair:2   | Identified the +2 robe "Ecloy" {rCorr} (You found it on
                  | level 2 of the Lair of Beasts)
 19409 | Lair:3   | Identified the Guide on Curses
 19605 | Lair:3   | Found a frozen archway.
 19622 | IceCv    | Entered an ice cave
 19883 | IceCv    | Noticed a frost giant
 19903 | IceCv    | Killed a frost giant
 19903 | IceCv    | Reached skill level 10 in Spellcasting
 20662 | Lair:3   | Found a staircase to the Swamp.
 21134 | Lair:4   | Reached XP level 15. HP: 129/129 MP: 17/30
 21180 | Lair:4   | Found a staircase to the Snake Pit.
 21598 | Lair:4   | Got a pair of scorched gloves
 21609 | Lair:4   | Identified the cursed -2 pair of gloves "Hin Meen" {rPois
                  | rC+ rN++ Dex-3} (You found it on level 4 of the Lair of
                  | Beasts)
 22152 | Lair:5   | Was forgiven by Kikubaaqudgha
 22862 | Lair:6   | Entered Level 6 of the Lair of Beasts
 23098 | Lair:6   | Found a gate leading to a gauntlet.
 23106 | Lair:6   | Noticed Sonja
 23115 | Gauntlet | Entered a Gauntlet
 23115 | Gauntlet | Found a transporter.
 23124 | Gauntlet | Found a transporter.
 23140 | Gauntlet | Found a transporter.
 23144 | Gauntlet | Found a transporter.
 23165 | Gauntlet | Found a transporter.
 23178 | Gauntlet | Found a transporter.
 23191 | Gauntlet | Found a transporter.
 23220 | Gauntlet | Found a transporter.
 23220 | Gauntlet | Found a transporter.
 23224 | Gauntlet | Found a transporter.
 23254 | Gauntlet | Found a transporter.
 23255 | Gauntlet | Found a transporter.
 23459 | Gauntlet | Got a pair of faintly humming boots
 23472 | Gauntlet | Identified the +0 pair of boots "Kobuopt" {Str+3 Dex+5}
                  | (You found it in a Gauntlet)
 23526 | Gauntlet | Got a slimy scimitar
 23526 | Gauntlet | Got a smoking hand crossbow
 23526 | Gauntlet | Got a steaming scale mail
 23527 | Gauntlet | Identified the +0 scimitar of Discomfort {vorpal, rC+} (You
                  | found it in a Gauntlet)
 23529 | Gauntlet | Identified the +8 hand crossbow "Vabbuah" {speed, rElec rN+
                  | MP+9 SInv} (You found it in a Gauntlet)
 23541 | Gauntlet | Identified the +9 scale mail "Ryphezo Exo" {Int+4} (You
                  | found it in a Gauntlet)
 23589 | Lair:6   | Killed Sonja
 23612 | Lair:6   | Reached skill level 10 in Earth Magic
 23816 | Lair:6   | Reached XP level 16. HP: 110/137 MP: 34/34
 23881 | Lair:6   | Found a viscous altar of Jiyva.
 23882 | Lair:6   | Found a staircase to the Slime Pits.
 24407 | D:11     | Found a shimmering altar of Xom.
 24434 | D:11     | Reached skill level 10 in Necromancy
 24553 | D:11     | Got a crude hunting sling
 24572 | D:11     | Identified the cursed +0 hunting sling of Rusux {venom,
                  | Str+2} (You found it on level 11 of the Dungeon)
 24778 | D:11     | Got a transparent bronze amulet
 25369 | D:12     | Noticed Jorgrun
 25382 | D:12     | Killed Jorgrun
 25413 | D:12     | Reached skill level 11 in Earth Magic
 25537 | D:12     | You fall into a shaft and drop 2 floors!
 26396 | D:13     | Reached skill level 12 in Earth Magic
 26533 | D:13     | Found a gate to the Vaults.
 26968 | D:13     | Identified the amulet "Miudit" {Faith Str+3 Int+3} (You
                  | found it on level 11 of the Dungeon)
 27135 | D:12     | Noticed Maurice
 27138 | D:12     | Killed Maurice
 27139 | D:12     | Noticed Fannar
 27148 | D:12     | Killed Fannar
 27537 | D:15     | Entered Level 15 of the Dungeon
 27582 | D:15     | Reached XP level 17. HP: 112/144 MP: 19/35
 27617 | D:15     | Found a staircase to the Depths.
 27685 | D:15     | Reached skill level 13 in Earth Magic
 28140 | D:15     | Found a viscous altar of Jiyva.
 28739 | Snake:1  | Entered Level 1 of the Snake Pit
 28791 | Snake:1  | Reached skill level 14 in Earth Magic
 29156 | Snake:1  | HP: 6/144 [nagaraja/splash of poison (5)]
 29161 | Snake:1  | HP: 4/144 [poisoned by a nagaraja (splash of poison)]
 29166 | Snake:1  | HP: 2/144 [poisoned by a nagaraja (splash of poison)]
 29171 | Snake:1  | HP: 3/144 [poisoned by a nagaraja (splash of poison)]
 29178 | Snake:1  | HP: 5/144 [poisoned by a nagaraja (splash of poison)]
 29318 | Snake:1  | Reached skill level 15 in Earth Magic
 29735 | Snake:1  | Reached skill level 1 in Crossbows
 29741 | Snake:1  | Reached XP level 18. HP: 145/151 MP: 20/36
 30047 | Snake:2  | Found Axkoxis's Assorted Antiques.
 30047 | Snake:2  | Found Sibuom's Weapon Shoppe.
 30058 | Snake:2  | Bought a bubbling golden potion for 24 gold pieces
 30058 | Snake:2  | Bought a wand of acid (8) for 216 gold pieces
 30058 | Snake:2  | Bought a metal-bound book for 405 gold pieces
 30161 | Snake:2  | Found Kuggiam's Distillery.
 30180 | Snake:2  | Bought a potion of heal wounds for 85 gold pieces
 30180 | Snake:2  | Bought a potion of curing for 51 gold pieces
 30180 | Snake:2  | Bought a potion of curing for 51 gold pieces
 30180 | Snake:2  | Bought a potion of curing for 51 gold pieces
 30180 | Snake:2  | Bought a potion of might for 68 gold pieces
 30180 | Snake:2  | Bought a potion of curing for 51 gold pieces
 30180 | Snake:2  | Bought a potion of cancellation for 136 gold pieces
 30217 | Snake:2  | Found Efirey's Book Shoppe.
 30910 | Snake:2  | Reached skill level 16 in Earth Magic
 30925 | Snake:2  | Reached skill level 15 in Necromancy
 30963 | Snake:2  | Reached skill level 5 in Crossbows
 31484 | Snake:3  | Found Qigie's Food Shoppe.
 31486 | Snake:3  | Found Huiraet's Gadget Shoppe.
 31486 | Snake:3  | Found Xoubar's Food Shoppe.
 31486 | Snake:3  | Found Unoemaow's Magic Scroll Shoppe.
 31530 | Snake:3  | Bought a wand of acid (5) for 288 gold pieces
 31534 | Snake:3  | Bought a scroll of magic mapping for 45 gold pieces
 31534 | Snake:3  | Bought a scroll of identify for 26 gold pieces
 31534 | Snake:3  | Bought a scroll of identify for 26 gold pieces
 32018 | Snake:4  | Entered Level 4 of the Snake Pit
 32039 | Snake:4  | Killed from afar by a shock serpent

Illustrated notes

Levels and vault maps discovered:
D:1:      roderic_chinese_lattice_arrival, layout_basic, minmay_octomino_j4
D:2:      minmay_inner_zag, layout_basic, chequers_ecumenical_altar_grove,
          uniq_terence
D:3:      layout_loops_ring
D:4:      layout_basic, minmay_temple_entry_statues, gup_sewer_entry_glass,
          uniq_ijyb
D:5:      layout_basic, first_ration, uniq_edmund
D:6:      layout_loops_ring, ebering_ghost_rock_garden, minmay_pentangle
D:7:      minmay_the_grid_triangle_9x9_rhombus_thin
          [minmay_the_grid_triangle_9x9_checkered,
          minmay_the_grid_triangle_9x9_prize_insulated,
          minmay_the_grid_triangle_9x9_cache,
          minmay_the_grid_triangle_9x9_intruding_spiral], layout_basic,
          uniq_prince_ribbit1
D:8:      layout_basic, dancing_weapons_uskayaw, biasface_ghost_orc_armoury,
          uniq_psyche
D:9:      layout_basic, lair_entry_dummy, minmay_orc_entry_guard_dogs,
          uniq_harold
D:10:     lemuel_castle_with_subvaults [lemuel_castle_interior_carwin_2],
          layout_irregular_city, ebering_ghost_inner_flame, uniq_urug
D:11:     layout_basic, basic_altar
D:12:     layout_cave_pods, uniq_jorgrun, uniq_fannar, uniq_maurice
D:13:     layout_cave_pools, erik_vaults_2
D:14:     layout_loops_ring, kennysheep_cross_bottleneck
D:15:     grunt_enter_depths_hoard, layout_basic, jiyva_altar_1
Temple:   compressed_dpeg_triangle_lava_temple
Lair:1:   layout_roguey, minmay_holes, columned_hall_lemuel,
          kennysheep_abandoned_house
Lair:2:   layout_chaotic_city, basic_altar, infiniplex_staircase_pool
Lair:3:   layout_regular_city, swamp_mist, portal_ice_cave_rime,
          serial_bayou_lagoon_a, minmay_hedge_maze, minmay_stone_trees_small,
          grunt_megastairs_1
Lair:4:   layout_roguey, guppyfry_snake_entry_island
Lair:5:   nzn_motion_control, layout_regular_city, kennysheep_catoblepas_arena
Lair:6:   gammafunk_lair_ancient_temple, layout_long_grid,
          dpeg_slime_entry_enclosed_altar, gauntlet_entry_generic, uniq_sonja
Snake:1:  layout_concentric_octagons, hangedman_snake_sidewinding
Snake:2:  layout_chambers, serial_shops, nicolae_shop_crystal, shop, shop, shop,
          grunt_megastairs_4, serial_bayou_shore_a
Snake:3:  layout_rooms, minmay_shop_grid_forest, hangedman_snake_pattern,
          nicolae_snake_springs
Snake:4:  snake_pit, layout_misc_corridors
Orc:1:    layout_caves, nicolae_orc_stony_grotto
Orc:2:    st_orc_pillars, layout_diamond_mine, serial_shops,
          nicolae_shop_behind_doors, mines5_lemuel, uniq_josephine

Skill      XL: |  1  2  3  4  5  6  7  8  9 10 11 12 13 14 15 16 17 18 |
---------------+-------------------------------------------------------+-----
Conjurations   | 1 2 3 4 5 6 |  6.0
Shields        | 1 2 5 9 |  9.0
Fire Magic     | 1 2 3 5 |  5.0
Air Magic      | 1 2 4 5 |  5.0
Fighting       | 3 6 7 9 10 | 10.0
Armour         | 3 6 7 9 10 | 10.0
Dodging        | 3 5 6 8 |  8.0
Necromancy     | 3 5 8 9 12 14 15 | 15.3
Spellcasting   | 6 7 11 14 | 14.0
Earth Magic    | 3 9 10 12 15 16 | 16.4
Crossbows      | 1 6 |  6.0
Stealth        | |  2.4
Summonings     | |  1.0
Translocations | |  0.8

Action                   |  1- 3 |  4- 6 |  7- 9 | 10-12 | 13-15 | 16-18 || total
-------------------------+-------+-------+-------+-------+-------+-------++-------
Melee: Unarmed           |    23 |       |       |       |       |       ||    23
       Club              |    24 |       |       |       |       |       ||    24
       Short sword       |     2 |     7 |       |       |       |       ||     9
       Dagger            |       |    45 |   112 |       |       |       ||   157
       Flail             |       |       |   120 |   265 |       |       ||   385
       War axe           |       |       |       |    81 |   558 |   472 ||  1111
       Halberd           |       |       |       |       |    20 |     2 ||    22
       Scimitar          |       |       |       |       |       |     3 ||     3
 Fire: Shortbow          |       |       |   109 |    53 |       |       ||   162
       Hunting sling     |       |       |       |    50 |       |       ||    50
       Hand crossbow     |       |       |       |       |       |    66 ||    66
 Cast: Magic Dart        |    82 |   106 |    85 |    27 |    25 |       ||   325
       Mephitic Cloud    |       |     2 |    23 |    54 |    49 |     3 ||   131
       Conjure Flame     |       |       |    23 |    55 |    36 |    26 ||   140
       Dispel Undead     |       |       |       |    10 |     5 |    13 ||    28
       Borgnjor's Vile C |       |       |       |    37 |   165 |   248 ||   450
       Vampiric Draining |       |       |       |     5 |     7 |     8 ||    20
       Sublimation of Bl |       |       |       |       |     9 |     5 ||    14
Invok: Receive Necronomi |       |       |       |       |     1 |       ||     1
       Renounce Religion |       |       |       |       |     1 |       ||     1
 Abil: Dig               |       |     9 |    11 |    32 |    16 |     9 ||    77
       Shaft Self        |       |       |       |     1 |       |       ||     1
  Use: Scroll            |       |     2 |     3 |     8 |     8 |     7 ||    28
       Potion            |       |       |       |     6 |     2 |       ||     8
 Stab: Sleeping          |       |     3 |     5 |     2 |     1 |     2 ||    13
       Confused          |       |     1 |     8 |     5 |     7 |       ||    21
       Distracted        |       |       |       |       |     3 |     4 ||     7
  Eat: Chunk             |     1 |     7 |    15 |    32 |     9 |       ||    64
       Ration            |       |     1 |     1 |     1 |    13 |    10 ||    26
Armor: Robe              |    21 |     6 |    43 |    17 |       |       ||    87
       Steam dragon scal |       |       |       |    44 |       |       ||    44
       Skin              |       |       |       |     8 |       |       ||     8
       Leather armour    |       |       |       |    49 |     8 |       ||    57
       Troll leather arm |       |       |       |       |   264 |   229 ||   493
Dodge: Dodged            |    50 |    43 |   129 |   253 |   510 |   464 ||  1449
Block: Buckler           |       |     9 |    26 |    58 |   162 |    88 ||   343
       Kite shield       |       |       |       |       |       |   401 ||   401
